[Event "Groningen Festival 2019-A"]
[Site "Groningen"]
[Date "2019.12.21"]
[Round "1.2"]
[White "Woong, Zhi Wei William"]
[Black "Krasenkow, Michal"]
[Result "*"]
[ECO "E90"]
[WhiteElo "2222"]
[BlackElo "2611"]
[Annotator "RC"]
[PlyCount "51"]
[EventDate "2019.12.15"]
[EventType "swiss"]
[EventCountry "NED"]
[SourceTitle "playchess.com"]
[Source "ChessBase"]
[SourceQuality "1"]
[TimeControl "40/5400+30:1800+30"]

1. Nf3 Nf6 2. c4 g6 3. Nc3 Bg7 4. e4 d6 5. d4 O-O 6. h3 e5 7. d5 Nbd7 8. Be3 Nc5 9. Nd2 a5 10. g4 c6 11. Qc2 cxd5 12. cxd5 Bd7 13. Bxc5 dxc5 14. Bb5 Bxb5 15. Nxb5 Nd7 16. O-O-O Nb6 17. Nc4 f5 18. gxf5 gxf5 19. Rhg1 Nxc4 20. Qxc4 Kh8 21. d6 Qd7 22. Nc7 Rac8 23. Ne6 Bh6+ 24. Kb1 Rf6 25. exf5 b5 26. Qh4 *

[Event "Groningen Festival 2019-A"]
[Site "Groningen"]
[Date "2019.12.21"]
[Round "1.3"]
[White "Sargsyan, Shant"]
[Black "Grutter, Tim"]
[Result "*"]
[ECO "C30"]
[WhiteElo "2601"]
[BlackElo "2214"]
[Annotator "RC"]
[PlyCount "29"]
[EventDate "2019.12.15"]
[EventType "swiss"]
[EventCountry "NED"]
[SourceTitle "playchess.com"]
[Source "ChessBase"]
[SourceQuality "1"]
[TimeControl "40/5400+30:1800+30"]

1. e4 d6 2. Nc3 e5 3. f4 exf4 4. Nf3 g5 5. h3 Bg7 6. d4 h6 7. Bc4 Ne7 8. O-O O-O 9. Re1 Nbc6 10. a3 Ng6 11. Nd5 Be6 12. Qd3 Nce7 13. Bd2 Nxd5 14. exd5 Bd7 15. c3 *

[Event "Groningen Festival 2019-A"]
[Site "Groningen"]
[Date "2019.12.21"]
[Round "1.3"]
[White "Woong, Zhi Wei William"]
[Black "Krasenkow, Michal"]
[Result "0-1"]
[ECO "C30"]
[WhiteElo "2222"]
[BlackElo "2611"]
[Annotator "RC"]
[PlyCount "42"]
[EventDate "2019.12.15"]
[EventType "swiss"]
[EventCountry "NED"]
[SourceTitle "playchess.com"]
[Source "ChessBase"]
[SourceQuality "1"]
[TimeControl "40/5400+30:1800+30"]

1. e4 d6 2. Nc3 e5 3. f4 exf4 4. Nf3 g5 5. h3 Bg7 6. d4 h6 7. Bc4 Ne7 8. O-O O-O 9. Re1 Nbc6 10. a3 Ng6 11. Nd5 Be6 12. Qd3 Nce7 13. Bd2 Nxd5 14. exd5 Bd7 15. c3 h5 16. Qf1 g4 17. hxg4 hxg4 18. Nh2 Qh4 19. Bd3 f3 20. Re4 f2+ 21. Kh1 f5 0-1

[Event "Groningen Festival 2019-A"]
[Site "Groningen"]
[Date "2019.12.21"]
[Round "1.10"]
[White "Krasenkova, Ilena"]
[Black "Vrolijk, Liam"]
[Result "0-1"]
[ECO "D88"]
[WhiteElo "2174"]
[BlackElo "2467"]
[Annotator "ChessBase"]
[PlyCount "123"]
[EventDate "2019.12.15"]
[EventType "swiss"]
[EventCountry "NED"]
[SourceTitle "playchess.com"]
[Source "ChessBase"]
[SourceQuality "1"]
[TimeControl "40/5400+30:1800+30"]

1. d4 Nf6 2. c4 g6 3. Nc3 d5 4. cxd5 Nxd5 5. e4 Nxc3 6. bxc3 Bg7 7. Bc4 c5 8. Ne2 Nc6 9. Be3 O-O 10. O-O b6 11. Rb1 cxd4 12. cxd4 e6 13. Qd2 Bb7 14. f3 Rc8 15. Rfc1 Qd6 16. e5 Qe7 17. Bb5 Na5 18. Rxc8 Rxc8 19. Rc1 Rxc1+ 20. Qxc1 f6 21. Qc3 a6 22. Bd3 fxe5 23. dxe5 Nc6 24. f4 b5 25. Ng3 Qb4 26. Bd2 Qxc3 27. Bxc3 g5 28. fxg5 Nxe5 29. Be4 Bxe4 30. Nxe4 Nd3 31. Bd2 b4 32. Kf1 a5 33. Ke2 Ne5 34. Nc5 Kf7 35. h4 Bf8 36. Nd3 Nc6 37. g4 a4 38. Ke3 a3 39. Nc1 Ne5 40. Ke4 Nxg4 41. Kf4 Nf6 42. Ke5 Nd5 43. h5 Bg7+ 44. Ke4 Bc3 45. Kd3 Bxd2 46. Kxd2 Nf4 47. g6+ hxg6 48. hxg6+ Kxg6 49. Kc2 Kf5 50. Kb3 Ke4 51. Kc4 e5 52. Nb3 Nd3 53. Na5 Ke3 54. Nb3 Ke2 55. Kd5 Kd1 56. Kc4 Kc2 57. Na5 e4 58. Kd4 Nc1 59. Kxe4 b3 60. Nc4 bxa2 61. Nxa3+ Kb3 62. Kd4 0-1

[Event "Groningen Festival 2019-A"]
[Site "Groningen"]
[Date "2019.12.21"]
[Round "1.11"]
[White "Ulybin, Mikhail"]
[Black "Tabak, Stefan"]
[Result "1-0"]
[ECO "A86"]
[WhiteElo "2453"]
[BlackElo "2166"]
[Annotator "ChessBase"]
[PlyCount "105"]
[EventDate "2019.12.15"]
[EventType "swiss"]
[EventCountry "NED"]
[SourceTitle "playchess.com"]
[Source "ChessBase"]
[SourceQuality "1"]
[TimeControl "40/5400+30:1800+30"]

1. c4 f5 2. d4 Nf6 3. g3 g6 4. Bg2 Bg7 5. Nc3 d6 6. d5 O-O 7. Nh3 e5 8. dxe6 c6 9. Ng5 Qe7 10. Bf4 Ne8 11. Nf7 Bxe6 12. Nxd6 Na6 13. Nxe8 Rfxe8 14. Bd6 Qf7 15. c5 Rad8 16. Qa4 Bxc3+ 17. bxc3 Bd5 18. Bxd5 Qxd5 19. Qb3 b6 20. Rd1 Qxb3 21. axb3 Nxc5 22. Bxc5 bxc5 23. e3 Kf7 24. Ke2 Ke6 25. Ra1 Rb8 26. Rxa7 Rxb3 27. Rxh7 Rxc3 28. Rc7 Kd6 29. Rg7 Rc2+ 30. Kf3 Re6 31. Rd1+ Ke5 32. h4 c4 33. Ra7 Rd6 34. Re7+ Re6 35. Ra7 Rd6 36. Re7+ Re6 37. Red7 Kf6 38. Ra7 Ke5 39. Ra5+ Kf6 40. Rc5 Re5 41. Rd6+ Re6 42. Rd4 c3 43. Rdc4 Rd6 44. Rxc3 Rxc3 45. Rxc3 Re6 46. Rc4 Rd6 47. Kf4 Re6 48. f3 Kg7 49. Rd4 Kf6 50. Rd7 g5+ 51. hxg5+ Kg6 52. Rc7 Rd6 53. g4 1-0

[Event "Groningen Festival 2019-A"]
[Site "Groningen"]
[Date "2019.12.22"]
[Round "2.4"]
[White "Kumar, Nikhil"]
[Black "Fier, Alexandr"]
[Result "0-1"]
[ECO "D93"]
[WhiteElo "2315"]
[BlackElo "2528"]
[Annotator "ChessBase"]
[PlyCount "128"]
[EventDate "2019.12.15"]
[EventType "swiss"]
[EventCountry "NED"]
[SourceTitle "playchess.com"]
[Source "ChessBase"]
[SourceQuality "1"]
[TimeControl "40/5400+30:1800+30"]

1. d4 Nf6 2. c4 g6 3. Nc3 d5 4. Bf4 Bg7 5. e3 c5 6. dxc5 Qa5 7. Rc1 O-O 8. Nf3 Nbd7 9. cxd5 Ne4 10. Be2 Nxc3 11. bxc3 Bxc3+ 12. Kf1 Nxc5 13. Ne5 Ne4 14. Nc4 Qxa2 15. Rc2 Qb3 16. f3 Nc5 17. Qc1 Na4 18. Nd2 Qb4 19. Ne4 Bg7 20. Rc4 Qa5 21. Qa3 Bd7 22. Qxe7 Nb6 23. Rc1 Bb5 24. Qc5 Rac8 25. Bc7 Bxe2+ 26. Kxe2 Qxc5 27. Rxc5 Nxd5 28. Rhc1 Nxc7 29. Rxc7 Rxc7 30. Rxc7 Rb8 31. Nc5 Be5 32. Rxb7 Rxb7 33. Nxb7 Bxh2 34. f4 g5 35. Kf3 gxf4 36. exf4 Bg1 37. Na5 Bb6 38. Nc4 Bc7 39. Ke4 a5 40. Nb2 Kg7 41. g4 Kg6 42. Na4 h6 43. Nc3 Bd6 44. Na4 Ba3 45. Nb6 Bb4 46. Nd5 Bd2 47. Nb6 Kf6 48. Nc4 Be1 49. Nb2 Ke6 50. Nd3 Bc3 51. Nc5+ Kd6 52. Nb7+ Kc7 53. Nc5 Kc6 54. Nd3 a4 55. Nc1 a3 56. Kd3 Bb2 57. Na2 Kc5 58. Kc2 Kc4 59. Kb1 Kb3 60. g5 h5 61. f5 h4 62. g6 fxg6 63. fxg6 h3 64. Nc1+ Bxc1 0-1

[Event "Groningen Festival 2019-A"]
[Site "Groningen"]
[Date "2019.12.22"]
[Round "2.5"]
[White "Van Foreest, Lucas"]
[Black "Elgersma, Onno"]
[Result "1-0"]
[ECO "E06"]
[WhiteElo "2526"]
[BlackElo "2319"]
[Annotator "ChessBase"]
[PlyCount "79"]
[EventDate "2019.12.15"]
[EventType "swiss"]
[EventCountry "NED"]
[SourceTitle "playchess.com"]
[Source "ChessBase"]
[SourceQuality "1"]
[TimeControl "40/5400+30:1800+30"]

1. d4 d5 2. c4 e6 3. Nf3 Nf6 4. g3 Be7 5. Bg2 O-O 6. Nc3 dxc4 7. Ne5 Nc6 8. Bxc6 bxc6 9. Nxc6 Qe8 10. Nxe7+ Qxe7 11. Qa4 c5 12. dxc5 Qxc5 13. Be3 Qc7 14. f3 Bb7 15. Rd1 Nd5 16. Nxd5 exd5 17. Bd4 Rfe8 18. Kf2 Re6 19. Qb4 Rae8 20. Rde1 f6 21. Qd2 a6 22. g4 Qf7 23. Rhg1 R8e7 24. h4 Qg6 25. Rg2 Bc6 26. g5 f5 27. Qf4 Qh5 28. e3 Bd7 29. Rh1 Re8 30. Rc1 R6e7 31. b3 Be6 32. g6 h6 33. Rg3 Rb7 34. Kg2 a5 35. Rc2 Rc8 36. bxc4 dxc4 37. Rb2 Rxb2+ 38. Bxb2 Bd5 39. Qe5 Bxf3+ 40. Kf2 1-0

[Event "Groningen Festival 2019-A"]
[Site "Groningen"]
[Date "2019.12.22"]
[Round "2.7"]
[White "Gleizerov, Evgeny"]
[Black "Sodoma, Jan"]
[Result "1-0"]
[ECO "E04"]
[WhiteElo "2508"]
[BlackElo "2312"]
[Annotator "ChessBase"]
[PlyCount "57"]
[EventDate "2019.12.15"]
[EventType "swiss"]
[EventCountry "NED"]
[SourceTitle "playchess.com"]
[Source "ChessBase"]
[SourceQuality "1"]
[TimeControl "40/5400+30:1800+30"]

1. d4 Nf6 2. c4 e6 3. g3 d5 4. Nf3 dxc4 5. Bg2 c5 6. O-O Nc6 7. Qa4 Bd7 8. Qxc4 b5 9. Qc3 Qb6 10. Be3 Nd5 11. dxc5 Qa6 12. Qd2 Rc8 13. Rc1 b4 14. Nd4 Ne5 15. Bf4 Ng6 16. Bxd5 exd5 17. Qe3+ Be7 18. c6 Bxc6 19. Nf5 Kf8 20. Nxe7 Nxe7 21. Bd6 Qb7 22. Nd2 h5 23. Nb3 Qd7 24. Bxb4 Rh6 25. Nd4 Re8 26. Nxc6 Rxc6 27. Rxc6 Qxc6 28. Rc1 Qb7 29. Bd6 1-0

[Event "Groningen Festival 2019-A"]
[Site "Groningen"]
[Date "2019.12.22"]
[Round "2.8"]
[White "Simet, Martin"]
[Black "Beerdsen, Thomas"]
[Result "0-1"]
[ECO "B13"]
[WhiteElo "2257"]
[BlackElo "2482"]
[Annotator "ChessBase"]
[PlyCount "34"]
[EventDate "2019.12.15"]
[EventType "swiss"]
[EventCountry "NED"]
[SourceTitle "playchess.com"]
[Source "ChessBase"]
[SourceQuality "1"]
[TimeControl "40/5400+30:1800+30"]

1. d4 d5 2. Bf4 c5 3. e3 cxd4 4. exd4 Nc6 5. c3 f6 6. Bd3 e5 7. dxe5 fxe5 8. Bg3 Nf6 9. Ne2 Bc5 10. Bb5 O-O 11. Nd2 Ng4 12. Qa4 Bxf2+ 13. Bxf2 Nxf2 14. Rf1 Qb6 15. Qh4 Qxb5 16. Rxf2 Rxf2 17. Qxf2 Qxb2 0-1

[Event "Groningen Festival 2019-A"]
[Site "Groningen"]
[Date "2019.12.22"]
[Round "2.9"]
[White "Vrolijk, Liam"]
[Black "Hilverda, Alexander"]
[Result "1-0"]
[ECO "E05"]
[WhiteElo "2467"]
[BlackElo "2294"]
[Annotator "ChessBase"]
[PlyCount "59"]
[EventDate "2019.12.15"]
[EventType "swiss"]
[EventCountry "NED"]
[SourceTitle "playchess.com"]
[Source "ChessBase"]
[SourceQuality "1"]
[TimeControl "40/5400+30:1800+30"]

1. d4 d5 2. c4 e6 3. Nf3 Nf6 4. g3 Be7 5. Bg2 O-O 6. Nc3 dxc4 7. Ne5 c5 8. dxc5 Bxc5 9. O-O Nbd7 10. Nxc4 Nb6 11. Be3 Bxe3 12. Nxe3 Rb8 13. Qb3 Bd7 14. Qa3 Nc8 15. Rfd1 Qe7 16. Qa5 Bc6 17. Qe5 Nb6 18. Nf5 Qb4 19. a3 Qxb2 20. Ra2 Qb3 21. Rb1 Qc4 22. Rb4 Nbd7 23. Ne7+ Kh8 24. Qxb8 Qxc3 25. Qd6 Bxg2 26. Kxg2 Re8 27. Rxb7 Rxe7 28. Rc7 Qb3 29. Qxe7 Qxa2 30. Qxd7 1-0

[Event "Groningen Festival 2019-A"]
[Site "Groningen"]
[Date "2019.12.22"]
[Round "2.10"]
[White "Zhou, Guijue"]
[Black "Ulybin, Mikhail"]
[Result "0-1"]
[ECO "C11"]
[WhiteElo "2238"]
[BlackElo "2453"]
[Annotator "ChessBase"]
[PlyCount "84"]
[EventDate "2019.12.15"]
[EventType "swiss"]
[EventCountry "NED"]
[SourceTitle "playchess.com"]
[Source "ChessBase"]
[SourceQuality "1"]
[TimeControl "40/5400+30:1800+30"]

1. e4 e6 2. d4 d5 3. Nc3 Nf6 4. e5 Nfd7 5. Nce2 c5 6. c3 cxd4 7. cxd4 f6 8. f4 fxe5 9. fxe5 Qh4+ 10. Ng3 Bb4+ 11. Kf2 O-O+ 12. Nf3 Nc6 13. Be3 Ba5 14. Bb5 Bb6 15. Bxc6 bxc6 16. b4 a5 17. a3 axb4 18. axb4 Ba6 19. Qd2 h6 20. Kg1 Qg4 21. Qf2 Bc4 22. Rxa8 Rxa8 23. h3 Qg6 24. Kh2 Ra2 25. Qe1 Bd8 26. Rg1 Be7 27. Bd2 Bd3 28. Qc1 Rc2 29. Qd1 Nb6 30. Ne1 Bh4 31. Bf4 Rc3 32. Ne2 Bxe2 33. Qxe2 Nc4 34. Nf3 Be7 35. Ra1 Rc2 36. Qf1 Qe4 37. Ra8+ Kh7 38. Bxh6 Kxh6 39. Rh8+ Kg6 40. h4 Qf4+ 41. Kh1 Rc1 42. h5+ Kf7 0-1

[Event "Groningen Festival 2019-A"]
[Site "Groningen"]
[Date "2019.12.23"]
[Round "3.8"]
[White "Tiviakov, Sergei"]
[Black "Maris, Ivo"]
[Result "1-0"]
[ECO "B15"]
[WhiteElo "2615"]
[BlackElo "2413"]
[Annotator "RC"]
[PlyCount "81"]
[EventDate "2019.12.15"]
[EventType "swiss"]
[EventCountry "NED"]
[SourceTitle "playchess.com"]
[Source "ChessBase"]
[SourceQuality "1"]
[TimeControl "40/5400+30:1800+30"]

1. e4 c6 2. Nc3 d5 3. Nf3 dxe4 4. Nxe4 Nf6 5. Nxf6+ exf6 6. d4 Bd6 7. Be2 O-O 8. O-O Re8 9. Re1 Nd7 10. c4 Nf8 11. Be3 Ng6 12. Qc2 Nf4 13. Bf1 Bg4 14. Nd2 Qd7 15. f3 Bf5 16. Qc3 h5 17. Bf2 Bc7 18. Ne4 Rad8 19. b4 Bb8 20. Nc5 Qc7 21. g3 Nh3+ 22. Bxh3 Bxh3 23. Rxe8+ Rxe8 24. Re1 Qc8 25. Rxe8+ Qxe8 26. Be3 f5 27. Kf2 f4 28. Bxf4 Bxf4 29. gxf4 Qe7 30. d5 Qh4+ 31. Ke3 g5 32. Nd3 gxf4+ 33. Nxf4 Qg5 34. Qd2 Qg1+ 35. Ke4 Qg5 36. d6 f6 37. Kd3 Bf1+ 38. Kc3 Qe5+ 39. Kb3 b5 40. d7 bxc4+ 41. Ka3 1-0

[Event "Groningen Festival 2019-A"]
[Site "Groningen"]
[Date "2019.12.26"]
[Round "5.1"]
[White "Lubbe, Nikolas"]
[Black "Ernst, Sipke"]
[Result "1/2-1/2"]
[ECO "D46"]
[WhiteElo "2451"]
[BlackElo "2541"]
[Annotator "ChessBase"]
[PlyCount "97"]
[EventDate "2019.12.15"]
[EventType "swiss"]
[EventCountry "NED"]
[SourceTitle "playchess.com"]
[Source "ChessBase"]
[SourceQuality "1"]
[TimeControl "40/5400+30:1800+30"]

1. Nf3 d5 2. d4 Nf6 3. c4 c6 4. Nc3 e6 5. e3 Nbd7 6. Qc2 Bd6 7. Bd3 O-O 8. O-O dxc4 9. Bxc4 b5 10. Bd3 Bb7 11. a3 h6 12. e4 e5 13. dxe5 Nxe5 14. Nxe5 Bxe5 15. h3 Qe7 16. Be3 c5 17. Bxb5 Nxe4 18. Nxe4 Bxe4 19. Qe2 Rab8 20. Rac1 Rfc8 21. Rfd1 Bd6 22. Rd2 Qe5 23. f4 Qe7 24. Rcd1 Rd8 25. Bc4 Ba8 26. Bf2 Qxe2 27. Bxe2 Re8 28. Rxd6 Rxe2 29. Rd8+ Re8 30. Rxb8 Rxb8 31. Bxc5 a5 32. b4 axb4 33. axb4 Bc6 34. Rd6 Bb5 35. g4 Ra8 36. Rd2 Ra3 37. Kg2 Rb3 38. f5 Bd3 39. Rf2 f6 40. Kh2 Kh7 41. Rf3 Rb2+ 42. Kg3 Bb5 43. Rc3 Rd2 44. Kf4 Rd3 45. Rxd3 Bxd3 46. Ke3 Bf1 47. h4 Kg8 48. Ke4 Be2 49. Kf4 1/2-1/2

[Event "Groningen Festival 2019-A"]
[Site "Groningen"]
[Date "2019.12.26"]
[Round "5.2"]
[White "Zwirs, Nico"]
[Black "Krasenkow, Michal"]
[Result "0-1"]
[ECO "B06"]
[WhiteElo "2422"]
[BlackElo "2611"]
[Annotator "ChessBase"]
[PlyCount "126"]
[EventDate "2019.12.15"]
[EventType "swiss"]
[EventCountry "NED"]
[SourceTitle "playchess.com"]
[Source "ChessBase"]
[SourceQuality "1"]
[TimeControl "40/5400+30:1800+30"]

1. e4 g6 2. d4 Bg7 3. Nc3 d6 4. Be3 a6 5. g4 b5 6. Bg2 Bb7 7. h4 Nd7 8. g5 c5 9. h5 Qc7 10. Nge2 cxd4 11. Nxd4 Nb6 12. h6 Be5 13. Qd3 Nc4 14. O-O-O Bxd4 15. Bxd4 e5 16. Be3 Ne7 17. b3 Nxe3 18. fxe3 Rc8 19. Kb2 Qc5 20. Rhf1 O-O 21. Rf6 Rfd8 22. Rdf1 d5 23. Rxf7 dxe4 24. Nxe4 Bxe4 25. Qxe4 Rd2 26. Rg7+ Kh8 27. Rc1 Nf5 28. Bh3 Nd6 29. Qh1 Rxc2+ 30. Kb1 Qc3 31. Rxc2 Qxc2+ 32. Ka1 Rf8 33. Rd7 Ne4 34. Qb1 Qxb1+ 35. Kxb1 Nxg5 36. Bg2 Nf7 37. Ra7 Nxh6 38. Rxa6 Ng4 39. Bc6 b4 40. Rb6 Rf1+ 41. Kb2 Rf2+ 42. Kb1 Rf6 43. Rb8+ Kg7 44. Bd7 Nxe3 45. Rxb4 Rf1+ 46. Kb2 Rf2+ 47. Kb1 Nd5 48. Rb7 Nc3+ 49. Kc1 Nxa2+ 50. Kd1 Rf7 51. Kc2 Nb4+ 52. Kc3 Nd5+ 53. Kc4 Nb6+ 54. Rxb6 Rxd7 55. Re6 g5 56. b4 g4 57. b5 g3 58. Rxe5 Kf6 59. Re3 Rg7 60. Re1 h5 61. Kd3 g2 62. Rg1 h4 63. b6 h3 0-1

[Event "Groningen Festival 2019-A"]
[Site "Groningen"]
[Date "2019.12.26"]
[Round "5.3"]
[White "Tiviakov, Sergei"]
[Black "Vrolijk, Liam"]
[Result "1/2-1/2"]
[ECO "B70"]
[WhiteElo "2615"]
[BlackElo "2467"]
[Annotator "ChessBase"]
[PlyCount "128"]
[EventDate "2019.12.15"]
[EventType "swiss"]
[EventCountry "NED"]
[SourceTitle "playchess.com"]
[Source "ChessBase"]
[SourceQuality "1"]
[TimeControl "40/5400+30:1800+30"]

1. e4 c5 2. Nc3 d6 3. Nge2 Nf6 4. g3 Nc6 5. Bg2 g6 6. d4 cxd4 7. Nxd4 Nxd4 8. Qxd4 Bg7 9. O-O O-O 10. Qc4 Bd7 11. Qb3 b5 12. Nd5 a5 13. a3 Rb8 14. c3 Be6 15. Bg5 Bxd5 16. exd5 Nd7 17. Rfe1 Bf6 18. Bd2 Qc7 19. Re2 Ne5 20. Re4 Rfc8 21. Rd1 Qb7 22. Be1 Rc4 23. Re3 Qb6 24. Bf1 Rcc8 25. Kg2 Qb7 26. Kg1 Qb6 27. Re4 Rc5 28. Bg2 Rc4 29. Qc2 Qc7 30. Qe2 Rxe4 31. Bxe4 Qc4 32. Kf1 Nd7 33. f3 Nc5 34. Bc2 Nd7 35. Kf2 Qc5+ 36. Kg2 Ne5 37. Bb3 Qc7 38. Ba2 Nd7 39. Rd3 Ne5 40. Re3 Nc4 41. Re4 Qb7 42. a4 Ne5 43. f4 Nd7 44. axb5 Qxb5 45. Qxb5 Rxb5 46. Re2 a4 47. Rc2 h5 48. Kf3 Nc5 49. Bc4 Rb7 50. Bf2 Rc7 51. Bb5 Rb7 52. Bc4 Rc7 53. Be3 Kf8 54. h3 Bg7 55. g4 hxg4+ 56. hxg4 Rb7 57. g5 Kg8 58. Ke2 Rc7 59. Kf3 Rb7 60. Bc1 Rc7 61. Bd2 Rb7 62. Be3 Rc7 63. Bb5 Rb7 64. Bc4 Rc7 1/2-1/2

[Event "Groningen Festival 2019-A"]
[Site "Groningen"]
[Date "2019.12.26"]
[Round "5.4"]
[White "Ulybin, Mikhail"]
[Black "Sargsyan, Shant"]
[Result "1-0"]
[ECO "D85"]
[WhiteElo "2453"]
[BlackElo "2601"]
[Annotator "ChessBase"]
[PlyCount "123"]
[EventDate "2019.12.15"]
[EventType "swiss"]
[EventCountry "NED"]
[SourceTitle "playchess.com"]
[Source "ChessBase"]
[SourceQuality "1"]
[TimeControl "40/5400+30:1800+30"]

1. d4 Nf6 2. c4 g6 3. Nc3 d5 4. cxd5 Nxd5 5. e4 Nxc3 6. bxc3 Bg7 7. Bg5 c5 8. Rc1 cxd4 9. cxd4 O-O 10. d5 h6 11. Be3 f5 12. exf5 Bxf5 13. Bc4 Kh7 14. g4 Bd7 15. Nf3 Bb5 16. O-O Bxc4 17. Rxc4 Na6 18. g5 h5 19. Nh4 Rc8 20. Nxg6 Rxc4 21. Nxf8+ Kg8 22. Ne6 Qe8 23. Qb1 Nb4 24. Rd1 Qa4 25. h3 Nc2 26. Rd3 b6 27. Bd2 Be5 28. Qb3 Nd4 29. Nxd4 Bxd4 30. Kg2 Bc5 31. Bc3 Bd6 32. Qb1 Rf4 33. Re3 Qe8 34. Re6 Qf7 35. Qc2 Bc5 36. Be1 h4 37. Qe2 Rf5 38. Re5 Rf4 39. f3 Bd6 40. Bc3 Qg7 41. Rf5 Qg6 42. Rxf4 Bxf4 43. Qe6+ Qxe6 44. dxe6 Bxg5 45. Bb4 Kf8 46. Kf2 a5 47. Bc3 Bf6 48. Bd2 Kg7 49. Ke3 Bb2 50. Ke4 Kf6 51. Kd5 Kf5 52. a4 Be5 53. Be3 b5 54. axb5 a4 55. Bc5 Kf6 56. b6 Bb8 57. b7 Bf4 58. Ba7 a3 59. b8=Q Bxb8 60. Bxb8 a2 61. Be5+ Kf5 62. f4 1-0

[Event "Groningen Festival 2019-A"]
[Site "Groningen"]
[Date "2019.12.26"]
[Round "5.5"]
[White "Fier, Alexandr"]
[Black "Pacher, Milan"]
[Result "1-0"]
[ECO "A28"]
[WhiteElo "2528"]
[BlackElo "2427"]
[Annotator "ChessBase"]
[PlyCount "159"]
[EventDate "2019.12.15"]
[EventType "swiss"]
[EventCountry "NED"]
[SourceTitle "playchess.com"]
[Source "ChessBase"]
[SourceQuality "1"]
[TimeControl "40/5400+30:1800+30"]

1. c4 e5 2. Nc3 Nf6 3. Nf3 Nc6 4. e3 Bb4 5. Qc2 Bxc3 6. Qxc3 Qe7 7. d4 Ne4 8. Qd3 exd4 9. Nxd4 Qb4+ 10. Bd2 Qxd2+ 11. Qxd2 Nxd2 12. Kxd2 d6 13. Nxc6 bxc6 14. Bd3 c5 15. e4 Bb7 16. Rhe1 f6 17. Re3 O-O 18. Rae1 Bc6 19. Bc2 a5 20. Ra3 Rfb8 21. Kc3 Rb4 22. g3 Bd7 23. f4 Rab8 24. Rxa5 Rxb2 25. Ra7 Be6 26. Re2 Kh8 27. Bd3 R2b4 28. Rxc7 Ra8 29. Rb2 Rba4 30. Rc6 Ra3+ 31. Kc2 R3a4 32. Kc3 Ra3+ 33. Rb3 Rxa2 34. Rxd6 Bg8 35. Rb2 Ra1 36. Rc6 Rd8 37. Bc2 Rh1 38. Bb3 Rc1+ 39. Rc2 Re1 40. Rxc5 Re3+ 41. Kb2 Rb8 42. Rc3 Rxe4 43. Ka3 Re2 44. h4 h6 45. Rb5 Ra8+ 46. Kb4 Re4 47. Bc2 Rd4 48. Bf5 g5 49. hxg5 hxg5 50. fxg5 fxg5 51. Rb7 Ra2 52. Kc5 Rd1 53. g4 Rh1 54. Re3 Ra5+ 55. Kb4 Ra2 56. Rc7 Ra8 57. Rc8 Rxc8 58. Bxc8 Kg7 59. Be6 Bh7 60. c5 Kf6 61. c6 Rc1 62. Bc4 Bg8 63. Bxg8 Rxc6 64. Bc4 Rd6 65. Kc5 Rd1 66. Bd5 Rg1 67. Re6+ Kg7 68. Re4 Kf6 69. Kd6 Rg3 70. Rd4 Rg1 71. Be6 Re1 72. Bd7 Re2 73. Rd5 Re4 74. Rf5+ Kg6 75. Re5 Rd4+ 76. Ke7 Rb4 77. Be8+ Kh6 78. Re6+ Kh7 79. Bh5 Rf4 80. Bg6+ 1-0

[Event "Groningen Festival 2019-A"]
[Site "Groningen"]
[Date "2019.12.26"]
[Round "5.6"]
[White "Varshini, V."]
[Black "Van Foreest, Lucas"]
[Result "0-1"]
[ECO "B00"]
[WhiteElo "2227"]
[BlackElo "2526"]
[Annotator "ChessBase"]
[PlyCount "94"]
[EventDate "2019.12.15"]
[EventType "swiss"]
[EventCountry "NED"]
[SourceTitle "playchess.com"]
[Source "ChessBase"]
[SourceQuality "1"]
[TimeControl "40/5400+30:1800+30"]

1. e4 Nc6 2. d4 d5 3. e5 Bf5 4. c3 e6 5. Bd3 Nge7 6. Ne2 f6 7. f4 Qd7 8. Ng3 Bxd3 9. Qxd3 h5 10. Nd2 O-O-O 11. b4 h4 12. Ne2 Nf5 13. Nb3 Rg8 14. Rb1 g5 15. b5 Nb8 16. fxg5 fxg5 17. Bd2 Qh7 18. a4 Rd7 19. Rc1 Rf7 20. a5 Ba3 21. Ra1 Rgf8 22. Nbc1 Bb2 23. Ra2 Bxc1 24. Bxc1 a6 25. c4 dxc4 26. Qxc4 Ng7 27. Nc3 h3 28. Bxg5 hxg2 29. Rxg2 axb5 30. Qxb5 Rf3 31. Ne2 Qc2 32. Qc5 Qe4 33. Rhg1 Na6 34. Qc4 Nf5 35. Qxe6+ Kb8 36. Qc4 Qb1+ 37. Qc1 Qa2 38. Qd2 Qa4 39. Qd1 Qxa5+ 40. Bd2 Qd5 41. Nc3 Nb4 42. Qe2 Nc2+ 43. Kd1 Qb3 44. Qb5 Nce3+ 45. Ke1 Qd1+ 46. Nxd1 Nc2+ 47. Ke2 Nfxd4# 0-1

[Event "Groningen Festival 2019-A"]
[Site "Groningen"]
[Date "2019.12.26"]
[Round "5.7"]
[White "Poetsch, Hagen"]
[Black "Kumar, Nikhil"]
[Result "1-0"]
[ECO "B12"]
[WhiteElo "2522"]
[BlackElo "2315"]
[Annotator "RC"]
[PlyCount "41"]
[EventDate "2019.12.15"]
[EventType "swiss"]
[EventCountry "NED"]
[SourceTitle "playchess.com"]
[Source "ChessBase"]
[SourceQuality "1"]
[TimeControl "40/5400+30:1800+30"]

1. e4 c6 2. d4 d5 3. e5 c5 4. dxc5 e6 5. Bd3 Bxc5 6. Qg4 Ne7 7. b4 Bb6 8. Nf3 Nd7 9. Qxg7 Rg8 10. Qxh7 Qc7 11. Bf4 Rxg2 12. Bg3 Nc6 13. Qg8+ Nf8 14. Kf1 Rxg3 15. hxg3 Nxb4 16. Rh7 Nc6 17. Nc3 a6 18. Rb1 Nd8 19. Ng5 Qc5 20. Rxb6 Qxb6 21. Nxf7 1-0

[Event "Groningen Festival 2019-A"]
[Site "Groningen"]
[Date "2019.12.26"]
[Round "5.8"]
[White "Davtyan, Artur"]
[Black "Gleizerov, Evgeny"]
[Result "1/2-1/2"]
[ECO "C06"]
[WhiteElo "2437"]
[BlackElo "2508"]
[Annotator "ChessBase"]
[PlyCount "107"]
[EventDate "2019.12.15"]
[EventType "swiss"]
[EventCountry "NED"]
[SourceTitle "playchess.com"]
[Source "ChessBase"]
[SourceQuality "1"]
[TimeControl "40/5400+30:1800+30"]

1. e4 e6 2. d4 d5 3. Nd2 Nf6 4. e5 Nfd7 5. Bd3 c5 6. c3 Nc6 7. Ne2 cxd4 8. cxd4 f6 9. Nf4 Nxd4 10. Qh5+ Ke7 11. exf6+ Nxf6 12. Ng6+ hxg6 13. Qxh8 Kf7 14. O-O e5 15. Nb3 Nxb3 16. axb3 Be6 17. Bg5 Be7 18. Qh4 Qb6 19. Qg3 e4 20. Be2 d4 21. Bc4 Bxc4 22. bxc4 Re8 23. Qh4 a6 24. Rab1 Bb4 25. Rbc1 Nd7 26. Rcd1 Kg8 27. Qg4 Nf8 28. h3 d3 29. Be3 Qc6 30. b3 Nd7 31. Kh1 Bc5 32. Rfe1 a5 33. f3 exf3 34. Qxf3 Qxf3 35. gxf3 Bb4 36. Bd2 Rxe1+ 37. Bxe1 Bxe1 38. Rxe1 Nc5 39. Rd1 Kf7 40. Kg2 Ke6 41. Kf2 Nxb3 42. Rxd3 a4 43. Ke3 g5 44. Rd8 b6 45. Rb8 Kd6 46. Rxb6+ Kc5 47. Ra6 Kb4 48. Ra7 a3 49. c5 Nxc5 50. f4 gxf4+ 51. Kxf4 Kb3 52. Kf5 a2 53. Rxa2 Kxa2 54. Kg6 1/2-1/2

[Event "Groningen Festival 2019-A"]
[Site "Groningen"]
[Date "2019.12.26"]
[Round "5.9"]
[White "Beerdsen, Thomas"]
[Black "Mollema, Thomas"]
[Result "1/2-1/2"]
[ECO "C48"]
[WhiteElo "2482"]
[BlackElo "2207"]
[Annotator "ChessBase"]
[PlyCount "70"]
[EventDate "2019.12.15"]
[EventType "swiss"]
[EventCountry "NED"]
[SourceTitle "playchess.com"]
[Source "ChessBase"]
[SourceQuality "1"]
[TimeControl "40/5400+30:1800+30"]

1. e4 e5 2. Nf3 Nf6 3. Nc3 Nc6 4. Bb5 Nd4 5. Bc4 Bc5 6. d3 d6 7. Nxd4 Bxd4 8. Be3 Be6 9. Bxe6 Bxc3+ 10. bxc3 fxe6 11. f4 exf4 12. Bxf4 O-O 13. O-O Qe8 14. c4 e5 15. Be3 b6 16. Rf5 Qe6 17. Qe2 Rf7 18. Raf1 Raf8 19. h3 g6 20. R5f3 Kg7 21. Qe1 Ng8 22. Rxf7+ Rxf7 23. Rxf7+ Qxf7 24. Qc3 c5 25. Qe1 Qd7 26. Qh4 h6 27. Qg3 Qe6 28. Qf3 Qd7 29. h4 Qe6 30. Qd1 Nf6 31. Qf3 h5 32. Bg5 Ng4 33. Qd1 Qf7 34. Qf1 Qd7 35. Qb1 Qf7 1/2-1/2